Map: [ESL] Goldenaura

Players

Serral - Winner!

  • Race: Zerg Zerg
  • Spawn Location: 12:00

ByuN

  • Race: Terran Terran
  • Spawn Location: 5:00

Event: ESL SC2 Masters 2023 Winter (Finals)

VOD

Have the link to the VOD?

Description

Time

  • Played on: Dec. 15, 2023, 5:17 p.m.
  • Length: 9:47

All games in this series

Show
View Real Time Build Order
Export as new Build Order

Serral Zerg - Winner!

Build Orders: Hatch First 

Get SALT Encoding   

  12  0:01  Drone  
  13  0:12  Overlord  
  13  0:17  Drone  
  14  0:30  Drone x2  
  16  0:48  Hatchery  
  15  0:52  Drone  
  15  0:55  Drone  
  17  0:57  Drone  
  18  1:06  Extractor  
  17  1:13  Spawning Pool  
  17  1:17  Drone  
  17  1:20  Drone  
  18  1:29  Drone  
  19  1:39  Drone  
  20  1:50  Drone  
  21  2:00  Queen x2  
  26  2:01  Zergling x4  
  26  2:06  Metabolic Boost  
  27  2:21  Hatchery  
  26  2:26  Overlord  
  26  2:33  Drone x2  
  28  2:44  Queen  
  28  2:48  Overlord  
  30  2:52  Zergling x2  
  30  2:53  Drone x2  
  30  2:56  Zergling x2  
  34  3:01  Zergling x4  
  36  3:06  Overlord  
  36  3:11  Zergling x2  
  36  3:12  Zergling x4  
  39  3:20  Zergling x2  
  39  3:23  Queen  
  37  3:35  Zergling x2, Drone x2  
  37  3:36  Drone x2  
  42  3:43  Drone x4  
  46  3:50  Overlord  
  46  3:53  Drone x2  
  46  3:54  Drone x2  
  50  3:56  Zergling x2  
  50  4:00  Drone x2  
  53  4:04  Queen  
  53  4:06  Overlord  
  53  4:09  Zergling x2  
  56  4:10  Drone  
  56  4:12  Drone x2  
  56  4:16  Overlord  
  59  4:19  Drone x2  
  59  4:21  Drone  
  62  4:27  Drone x2  
  62  4:31  Drone  
  65  4:36  Drone x6  
  71  4:40  Overlord  
  71  4:41  Drone  
  71  4:42  Drone  
  71  4:45  Roach Warren  
  72  4:47  Drone x2  
  74  4:53  Lair  
  74  4:54  Extractor  
  74  4:55  Extractor  
  74  4:56  Drone  
  74  4:57  Drone x3  
  75  5:02  Overlord  
  75  5:04  Drone  
  75  5:05  Drone x3  
  78  5:09  Extractor, Drone  
  78  5:13  Drone x2  
  80  5:15  Drone x3  
  80  5:18  Overlord, Evolution Chamber  
  80  5:20  Drone  
  80  5:21  Drone  
  84  5:22  Extractor, Overlord  
  84  5:25  Extractor  
  84  5:26  Drone  
  83  5:28  Roach  
  83  5:29  Roach  
  83  5:35  Roach  
  88  5:38  Drone, Evolution Chamber  
  88  5:39  Roach x3  
  93  5:43  Roach  
  93  5:45  Zerg Ground Armor Level 1  
  93  5:49  Drone  
  96  5:50  Overlord  
  96  5:51  Overseer  
  96  5:52  Roach  
  96  5:54  Overlord x2  
  98  5:59  Hatchery  
  98  6:01  Zergling x8  
  101  6:05  Glial Reconstitution, Zerg Missile Weapons Level 1  
  101  6:07  Roach  
  101  6:09  Roach  
  105  6:12  Roach x2  
  105  6:17  Roach x3  
  115  6:21  Roach x2  
  115  6:23  Overlord  
  119  6:25  Overlord  
  119  6:27  Roach  
  111  6:34  Roach x4  
  111  6:37  Overlord  
  119  6:41  Infestation Pit  
  119  6:44  Overlord  
  119  6:45  Roach x2  
  122  6:53  Roach x2  
  126  6:55  Overlord  
  126  6:59  Roach x4  
  134  7:02  Overlord  
  134  7:05  Ravager  
  134  7:06  Ravager x3  
  134  7:07  Ravager  
  139  7:11  Roach x3  
  145  7:19  Roach x2  
  149  7:23  Overlord  
  149  7:26  Roach x8  
  161  7:32  Overlord  
  161  7:40  Roach x5  
  159  7:48  Hive  
  159  7:49  Baneling Nest  
  159  7:51  Drone x4  
  160  7:52  Queen  
  160  7:54  Drone x3  
  167  8:02  Drone x3  
  167  8:05  Drone x2  
  168  8:07  Zergling x6, Overseer  
  168  8:10  Overseer  
  171  8:13  Overlord  
  171  8:18  Zergling x16  
  179  8:23  Zergling x10  
  184  8:34  Centrifugal Hooks  
  184  8:37  Zergling x6  
  184  8:38  Zergling x12  
  193  8:41  Baneling x8  
  193  8:45  Zergling x6  
  196  8:52  Ravager x2  
  196  8:53  Ravager  
  196  8:54  Baneling x5  
  199  8:59  Zergling x4  
  200  9:04  Baneling x2  
  200  9:12  Zergling x2  
  196  9:19  Zergling x14  
  196  9:20  Hatchery  
  189  9:28  Zergling x22  
  179  9:32  Baneling x5  
Show
View Real Time Build Order
Export as new Build Order

ByuN Terran 

Build Orders:  

Get SALT Encoding   

  12  0:02  SCV  
  14  0:14  SCV  
  14  0:18  Supply Depot  
  14  0:26  SCV  
  15  0:39  SCV  
  15  0:41  Barracks  
  16  0:44  Refinery  
  16  0:51  SCV  
  17  1:00  Barracks  
  17  1:04  SCV  
  18  1:16  SCV  
  19  1:22  Barracks  
  19  1:28  Reaper  
  20  1:38  Orbital Command  
  20  1:43  Refinery  
  20  1:48  Reaper  
  21  1:55  Supply Depot  
  21  2:03  SCV, Reaper  
  23  2:17  Reaper, SCV  
  23  2:22  Supply Depot  
  25  2:26  Reaper  
  25  2:29  SCV  
  27  2:35  Reaper  
  28  2:41  SCV  
  29  2:49  Reaper  
  30  2:54  SCV  
  31  3:03  Reaper  
  32  3:06  Command Center, SCV  
  32  3:12  Barracks Tech Lab  
  33  3:19  SCV  
  34  3:22  Engineering Bay  
  34  3:32  SCV  
  32  3:34  Barracks Reactor  
  32  3:38  Barracks Reactor, Stimpack, Marine  
  33  3:44  SCV  
  34  3:53  Factory  
  34  3:56  SCV  
  34  3:59  Marine  
  36  4:08  SCV  
  37  4:12  Terran Infantry Weapons Level 1, Marine x2  
  39  4:17  Marine x2  
  39  4:20  Orbital Command, SCV  
  39  4:22  Marine  
  43  4:32  SCV, Supply Depot  
  43  4:33  Marine  
  43  4:34  Marine  
  46  4:38  Starport  
  46  4:41  Factory Reactor  
  46  4:44  SCV  
  47  4:47  SCV  
  47  4:48  Marine  
  47  4:49  Marine  
  47  4:51  Marine  
  51  4:56  SCV  
  51  4:59  SCV  
  51  5:02  Supply Depot  
  51  5:05  Marine  
  51  5:07  Marine  
  50  5:08  SCV, Marine x2  
  50  5:10  Marine  
  50  5:11  SCV  
  55  5:16  Refinery  
  55  5:20  SCV  
  56  5:22  Medivac  
  56  5:23  SCV, Medivac  
  56  5:24  Marine x2  
  56  5:26  Marine x2  
  65  5:30  Marine  
  65  5:32  Supply Depot  
  65  5:34  Combat Shield  
  66  5:38  SCV x2  
  66  5:39  Factory Tech Lab  
  68  5:44  Marine x2  
  70  5:53  SCV x2, Marine x2  
  70  5:55  Supply Depot  
  74  6:00  Siege Tank  
  77  6:05  SCV  
  78  6:16  SCV, Marine x5  
  78  6:17  Supply Depot  
  79  6:34  Marine x5  
  79  6:38  Medivac  
  79  6:39  Siege Tank, Medivac  
  90  6:41  Refinery  
  90  6:42  Supply Depot  
  88  6:52  Marine x5  
  92  7:10  Medivac x2, Marine x5  
  101  7:17  Siege Tank, Supply Depot  
  104  7:27  Marine x5  
  99  7:45  Marine x5  
  99  7:48  Liberator x2  
  110  7:58  Command Center  
  110  7:59  Siege Tank  
  110  8:03  Marine x5  
  118  8:13  Supply Depot  
  118  8:15  Barracks x2  
  118  8:28  Marine x3  
  118  8:32  SCV x2  
  123  8:38  Siege Tank  
  123  8:39  Liberator x2  
  132  8:43  Marine x2  
  134  9:01  Supply Depot  
  134  9:02  Supply Depot  
  134  9:03  Barracks Tech Lab  
  134  9:04  Barracks Tech Lab, Supply Depot  
  134  9:07  Barracks Reactor x2  
  134  9:09  Marauder, Marine x4  
  136  9:27  Marine x4  
Tags
 
Add a new tag
Caveats
  • Supply blocks, unpowered buildings, or Contaminate may cause inaccurate times.
  • Supply counts are checked every 10 seconds.